[Event "ICC tourney 2029 (45 10)"]
[Site "Internet Chess Club"]
[Date "2020.10.03"]
[Round "4"]
[White "castle2king"]
[Black "Heliosis"]
[Result "0-1"]
[ICCResult "White resigns"]
[WhiteElo "1536"]
[BlackElo "1866"]
[Opening "Ruy Lopez: Anderssen variation"]
[ECO "C77"]
[NIC "RL.12"]
[Time "18:32:23"]
[TimeControl "2700+10"]

1. e4 e5 2. Nf3 Nc6 3. Bb5 a6 4. Ba4 Nf6 5. d3 b5 6. Bb3 Bc5 7. O-O O-O 8.
c3 d6 9. d4 Bb6 10. a4 Rb8 11. Bg5 h6 12. Bh4 g5 13. Bg3 exd4 14. cxd4 Bg4
15. d5 Nd4 16. Nbd2 Nxf3+ 17. gxf3 Bh3 18. Re1 Re8 19. a5 Bc5 20. Qb1 Qd7
21. Kh1 Bd4 22. Rg1 Nh5 23. e5 dxe5 24. Ne4 Bf5 25. Bh4 Kh8 26. Bxg5 hxg5
27. Rxg5 Ng7 28. Qg1 Bxe4 29. fxe4 Rg8 30. Qg3 Bxf2 31. Qxf2 Qh3 32. Rg3 Qh7
33. Qf3 Nh5 34. Rh3 Rg5 35. Bd1 Rbg8 36. Bc2 Rg4 37. Qf5 R4g5 38. Qxh7+ Kxh7
39. Bd3 Kg6 40. Rf3 Nf4 41. h4 Rg4 42. Rg1 Kh5 43. Rxg4 Kxg4 44. Rf2 Kg3 45.
Rh2 Rg4 46. Be2 Rxh4 47. Rxh4 Kxh4 48. Bxb5 f5 49. Bxa6 fxe4 50. Bc4 e3 51.
a6 Nxd5 52. Kg2 Nb6 53. Kf3 Nxc4 54. a7 Nb6 55. Kxe3 Kg5 56. Ke4 Kf6 57. b4
Ke6 58. b5 Kd6 {White resigns} 0-1

[Event "ICC tourney 2029 (45 10)"]
[Site "Internet Chess Club"]
[Date "2020.10.03"]
[Round "4"]
[White "arsenicblast"]
[Black "isabellahall"]
[Result "1-0"]
[ICCResult "Black checkmated"]
[WhiteElo "1982"]
[BlackElo "1562"]
[Opening "Sicilian: Kan, 5.Nc3"]
[ECO "B43"]
[NIC "SI.43"]
[Time "18:32:19"]
[TimeControl "2700+10"]

1. e4 c5 2. Nf3 a6 3. Nc3 e6 4. d4 cxd4 5. Nxd4 Qc7 6. Bd3 Bb4 7. Bd2 Nf6 8.
O-O O-O 9. Nde2 Nc6 10. h3 b5 11. Be3 Bb7 12. f4 d5 13. e5 Nd7 14. Nd4 Nc5
15. Nce2 Rac8 16. c3 Nxd4 17. Nxd4 Nxd3 18. Qxd3 Bc5 19. Rfe1 h6 20. Bf2
Rfd8 21. f5 Re8 22. f6 g6 23. Qg3 Kh7 24. Qh4 Qd7 25. Be3 Bf8 26. g4 Rc7 27.
Bxh6 Bc5 28. Bg7+ Kg8 29. Qh8# {Black checkmated} 1-0

[Event "ICC tourney 2029 (45 10)"]
[Site "Internet Chess Club"]
[Date "2020.10.03"]
[Round "4"]
[White "odlepikachu"]
[Black "StayCalm"]
[Result "0-1"]
[ICCResult "White resigns"]
[WhiteElo "1941"]
[BlackElo "2151"]
[Opening "King's Indian: Semi-Averbakh system"]
[ECO "E73"]
[NIC "KI.27"]
[Time "18:32:20"]
[TimeControl "2700+10"]

1. d4 Nf6 2. c4 g6 3. Nc3 Bg7 4. e4 d6 5. Be2 O-O 6. Be3 e5 7. d5 Na6 8. g4
Nc5 9. f3 h5 10. g5 Ne8 11. h4 a5 12. Nh3 Bd7 13. Nf2 a4 14. Nd3 Nxd3+ 15.
Qxd3 f6 16. gxf6 Bxf6 17. O-O-O Kh7 18. Rdg1 Qe7 19. Bg5 Bxg5+ 20. hxg5 c6
21. Qd2 Nc7 22. Kb1 c5 23. Rg2 Kg7 24. Rf1 Bh3 25. Rfg1 Bxg2 26. Rxg2 Qf7
27. Rh2 Qf4 28. Qxf4 Rxf4 29. a3 h4 30. Rh3 Rh8 31. Nxa4 Rh5 32. Nb6 Rxg5
33. Nc8 Rg3 34. Rh2 Ne8 35. Kc2 h3 36. Kd3 Nf6 37. Nxd6 Ng4 38. Rxh3 Rxh3
39. Nxb7 Nh2 40. d6 Nxf3 41. d7 Nd4+ 42. Kd2 Rf2 43. d8=Q Rxe2+ {White
resigns} 0-1

[Event "ICC tourney 2029 (45 10)"]
[Site "Internet Chess Club"]
[Date "2020.10.03"]
[Round "4"]
[White "ved2006"]
[Black "AJM04"]
[Result "1/2-1/2"]
[ICCResult "Game drawn by mutual agreement"]
[WhiteElo "1720"]
[BlackElo "1959"]
[Opening "QGD semi-Slav: 7.Bc4"]
[ECO "D47"]
[NIC "SL.08"]
[Time "18:32:17"]
[TimeControl "2700+10"]

1. d4 d5 2. Nf3 Nf6 3. e3 c6 4. c4 e6 5. Nc3 Nbd7 6. Bd3 dxc4 7. Bxc4 Bd6 8.
O-O b5 9. Bb3 O-O 10. e4 e5 11. dxe5 Nxe5 12. Nxe5 Bxe5 13. Qxd8 Rxd8 14.
Bg5 h6 15. Bh4 g5 16. Bg3 Bxc3 17. bxc3 Nxe4 18. c4 b4 19. Rfe1 Nc5 20. Rad1
Be6 21. Bd6 Nb7 22. Bxb4 Rxd1 23. Rxd1 a5 24. Ba3 a4 25. Bc2 Bxc4 26. Be4
Na5 27. Rd6 Bxa2 28. Rxh6 Kg7 29. Rh7+ Kf6 30. Rh6+ Ke5 31. Bxc6 Nxc6 32.
Rxc6 Kd4 33. h3 Bc4 34. Rc5 Kc3 35. Rxg5 {Game drawn by mutual agreement}
1/2-1/2

[Event "ICC tourney 2029 (45 10)"]
[Site "Internet Chess Club"]
[Date "2020.10.03"]
[Round "4"]
[White "gsmenon"]
[Black "wulovechess"]
[Result "0-1"]
[ICCResult "White checkmated"]
[WhiteElo "1833"]
[BlackElo "1583"]
[Opening "Neo-Grünfeld, 6.O-O"]
[ECO "D77"]
[NIC "GI.02"]
[Time "18:33:03"]
[TimeControl "2700+10"]

1. Nf3 Nf6 2. g3 g6 3. Bg2 Bg7 4. d4 d5 5. O-O O-O 6. c4 e6 7. cxd5 exd5 8.
Nc3 Nc6 9. Ne5 Nxe5 10. dxe5 Nd7 11. Nxd5 Nxe5 12. Bf4 Be6 13. Rc1 c6 14.
Nc3 Qa5 15. Qc2 Bf5 16. e4 Be6 17. b3 Rad8 18. Rfd1 Rxd1+ 19. Rxd1 Bg4 20.
Rc1 Nf3+ 21. Bxf3 Bxf3 22. Qd3 Bg4 23. Kg2 Rd8 24. Qc2 Qh5 25. h4 Bf3+ 26.
Kh2 Bf6 27. Kg1 Bxh4 28. Nd5 Bg5 29. Nf6+ Bxf6 30. g4 Qh1# {White
checkmated} 0-1

[Event "ICC tourney 2029 (45 10)"]
[Site "Internet Chess Club"]
[Date "2020.10.03"]
[Round "4"]
[White "JunlinTheWorld"]
[Black "AJ2000"]
[Result "0-1"]
[ICCResult "White resigns"]
[WhiteElo "1820"]
[BlackElo "1668"]
[Opening "Giuoco Piano"]
[ECO "C44"]
[NIC "SO.06"]
[Time "18:32:45"]
[TimeControl "2700+10"]

1. e4 e5 2. Nf3 Nc6 3. d4 exd4 4. Bc4 Bc5 5. c3 Nf6 6. e5 d5 7. Bb5 Ne4 8.
Nxd4 Bd7 9. Bxc6 bxc6 10. O-O O-O 11. f3 Ng5 12. f4 Ne4 13. Be3 Qh4 14. Nd2
Nxd2 15. Qxd2 Rfe8 16. Nb5 Bxe3+ 17. Qxe3 cxb5 18. Qc5 c6 19. g3 Qe7 20. Qd4
Bf5 21. Rfe1 Be4 22. Rac1 c5 23. Qd2 Rad8 24. Qe2 a6 25. a3 Qe6 26. Qf1 Qg4
27. Re3 Re6 28. Rd1 Rde8 29. b3 g5 30. h3 Qf5 31. c4 gxf4 32. gxf4 Rg6+ 33.
Kh2 Rg2+ 34. Qxg2+ Bxg2 35. Kxg2 Qc2+ 36. Kg3 Qxd1 37. cxd5 Qxd5 38. Kh4 Qg2
39. Rg3+ Qxg3+ 40. Kxg3 c4 41. bxc4 bxc4 42. Kf3 c3 43. Ke2 Rd8 44. e6 fxe6
45. f5 exf5 46. h4 c2 47. h5 c1=Q 48. h6 Qc3 49. a4 Rd2+ {White resigns} 0-1

[Event "ICC tourney 2029 (45 10)"]
[Site "Internet Chess Club"]
[Date "2020.10.03"]
[Round "4"]
[White "mnm1"]
[Black "liuchess"]
[Result "1-0"]
[ICCResult "Black checkmated"]
[WhiteElo "1349"]
[BlackElo "1457"]
[Opening "French: Tarrasch, closed variation"]
[ECO "C05"]
[NIC "FR.16"]
[Time "18:32:51"]
[TimeControl "2700+10"]

1. e4 e6 2. d4 d5 3. Nd2 Nf6 4. e5 Nfd7 5. c3 c5 6. f4 Nc6 7. Ndf3 Be7 8.
Bd3 Qb6 9. Ne2 f6 10. a4 cxd4 11. cxd4 Bb4+ 12. Bd2 Bxd2+ 13. Qxd2 Qb3 14.
O-O Qb6 15. Kh1 Na5 16. Qc2 Qc6 17. Bxh7 Qxc2 18. Bxc2 Nc4 19. Bg6+ Ke7 20.
b3 Ne3 21. Rfc1 f5 22. Ng5 Ng4 23. h3 Nf2+ 24. Kg1 Ne4 25. Nxe4 dxe4 26. Ng3
Nb6 27. Rc7+ Nd7 28. Rac1 a5 29. d5 Rh6 30. dxe6 Rxg6 31. exd7 Bxd7 32.
Nxf5+ Kd8 33. Nd6 b6 34. Nxe4 Bxh3 35. Ng5 Bf5 36. Rf7 Bd7 37. Rd1 Ra7 38.
e6 Rc7 39. Rdxd7+ Rxd7 40. Rxd7+ Ke8 41. Rb7 Rf6 42. g3 g6 43. Rxb6 Ke7 44.
Kf2 Rf5 45. Rb5 Rf8 46. Rxa5 Rb8 47. Rb5 Rc8 48. a5 Rc2+ 49. Kf3 Rc3+ 50.
Kg4 Rc6 51. Rb6 Rc5 52. a6 Ra5 53. Rb7+ Kf6 54. Rf7# {Black checkmated} 1-0

[Event "ICC tourney 2029 (45 10)"]
[Site "Internet Chess Club"]
[Date "2020.10.03"]
[Round "4"]
[White "wahoo"]
[Black "dmutalam"]
[Result "0-1"]
[ICCResult "White checkmated"]
[WhiteElo "1731"]
[BlackElo "1576"]
[Opening "Giuoco Piano"]
[ECO "C54"]
[NIC "IG.02"]
[Time "18:32:20"]
[TimeControl "2700+10"]

1. e4 e5 2. Nf3 Nc6 3. Bc4 Bc5 4. c3 Nf6 5. d3 h6 6. O-O d6 7. Nbd2 O-O 8.
Nb3 Bb6 9. h3 Re8 10. Re1 Ne7 11. Bd2 Ng6 12. Qc2 Nh7 13. d4 Qf6 14. dxe5
dxe5 15. Qd3 Nh4 16. Nxh4 Qxf2+ 17. Kh2 Qxh4 18. Rf1 Nf6 19. Be1 Qh5 20. Nd2
Be6 21. Bxe6 Rxe6 22. Qg3 Be3 23. Rxf6 Bxd2 24. Rf5 Bxe1 25. Rxe1 Qg6 26.
Qe3 b6 27. Ref1 Rd8 28. Rxf7 Qxf7 29. Rxf7 Kxf7 30. Qf2+ Rf6 31. Qg3 Re8 32.
Qe3 Rd8 33. Qe2 Kf8 34. Qb5 Rd2 35. Qxe5 Rff2 36. Kg3 Rxg2+ 37. Kh4 Rde2 38.
b4 Kg8 39. a4 Rg5 40. Qf4 g6 41. c4 Reg2 42. Qxc7 Rh5# {White checkmated}
0-1

[Event "ICC tourney 2029 (45 10)"]
[Site "Internet Chess Club"]
[Date "2020.10.03"]
[Round "4"]
[White "jy2020"]
[Black "GGuseinov"]
[Result "0-1"]
[ICCResult "White checkmated"]
[WhiteElo "2222"]
[BlackElo "2718"]
[Opening "Sicilian: accelerated fianchetto, Maróczy bind, 6.Be3"]
[ECO "B38"]
[NIC "SI.33"]
[Time "18:32:34"]
[TimeControl "2700+10"]

1. e4 c5 2. Nf3 Nc6 3. d4 cxd4 4. Nxd4 g6 5. c4 Bg7 6. Be3 Qb6 7. Nb3 Qd8 8.
Nc3 Nf6 9. Be2 O-O 10. O-O d6 11. f3 a5 12. Qd2 a4 13. Nd4 Nxd4 14. Bxd4 Qa5
15. Rab1 Be6 16. b4 axb3 17. axb3 Qb4 18. Rfd1 Rfc8 19. Nd5 Nxd5 20. cxd5
Qxd2 21. Rxd2 Bd7 22. Bxg7 Kxg7 23. Rd4 Ra2 24. Bf1 b5 25. Rb4 g5 26. Re1
Rd2 27. Ra1 Rc7 28. h3 h5 29. Re1 h4 30. Be2 Kf6 31. Kf2 Ke5 32. Rd1 Rb2 33.
Kf1 Rcc2 34. Re1 Rc3 35. Bd1 Rd3 36. Be2 Rc3 37. Kf2 e6 38. dxe6 fxe6 39.
Kf1 Rcxb3 40. Rxb3 Rxb3 41. Rc1 b4 42. Rc7 Ba4 43. Rg7 Rb2 44. Rxg5+ Kf4 45.
Ra5 Ke3 46. Kg1 Kxe2 47. Rxa4 d5 48. exd5 exd5 49. f4 d4 50. Ra8 Rb1+ 51.
Kh2 Rf1 52. Rb8 d3 53. Rxb4 d2 54. Rd4 d1=Q 55. Rxd1 Kxd1 56. g3 Rf2+ 57.
Kg1 hxg3 58. h4 Ke2 59. h5 Kf3 60. h6 Ra2 61. h7 Ra1# {White checkmated} 0-1

[Event "ICC tourney 2029 (45 10)"]
[Site "Internet Chess Club"]
[Date "2020.10.03"]
[Round "4"]
[White "Zuiopal"]
[Black "buckleyoh"]
[Result "1/2-1/2"]
[ICCResult "Game drawn by mutual agreement"]
[WhiteElo "1697"]
[BlackElo "1451"]
[Opening "Benkö gambit"]
[ECO "A57"]
[NIC "BI.46"]
[Time "18:32:24"]
[TimeControl "2700+10"]

1. d4 Nf6 2. c4 c5 3. d5 b5 4. a4 bxc4 5. Nc3 e6 6. g3 exd5 7. Bg2 Nc6 8.
Nxd5 Nxd5 9. Bxd5 Rb8 10. Bxc4 Bb7 11. Bd5 Nb4 12. Bxb7 Rxb7 13. Nf3 Be7 14.
O-O O-O 15. e4 Qb6 16. Qe2 Re8 17. e5 Qe6 18. Be3 Nc6 19. Rac1 Nxe5 20. Bxc5
Nxf3+ 21. Qxf3 Rb3 22. Qf4 Bxc5 23. Rxc5 Rxb2 24. Rc7 a6 25. Qd4 Ra2 26.
Rxd7 h6 27. Rd6 Rxa4 28. Rxe6 {Game drawn by mutual agreement} 1/2-1/2

[Event "ICC tourney 2029 (45 10)"]
[Site "Internet Chess Club"]
[Date "2020.10.03"]
[Round "4"]
[White "Gfprasanna"]
[Black "helavir"]
[Result "0-1"]
[ICCResult "White resigns"]
[WhiteElo "2134"]
[BlackElo "2626"]
[Opening "Caro-Kann: exchange variation"]
[ECO "B13"]
[NIC "CK.02"]
[Time "18:33:06"]
[TimeControl "2700+10"]

1. e4 c6 2. d4 d5 3. exd5 cxd5 4. Bd3 Nf6 5. c3 Bg4 6. f3 Bh5 7. Ne2 e6 8.
Qb3 Qd7 9. Bf4 Nc6 10. Nd2 Bg6 11. Bxg6 hxg6 12. Ng3 Bd6 13. Bxd6 Qxd6 14.
Qd1 Rxh2 15. Ndf1 Rxh1 16. Nxh1 O-O-O 17. Qd2 e5 18. O-O-O e4 19. Nf2 exf3
20. gxf3 Rh8 21. Nd3 Qe6 22. Nc5 Qf5 23. Qe2 a6 24. Nd2 Re8 25. Qh2 Nh5 26.
b3 Nf4 27. b4 b6 28. Nce4 dxe4 29. Nxe4 Rd8 30. Qc2 Kb7 31. a4 Nd5 32. Qf2
Qf4+ 33. Kb2 f5 {White resigns} 0-1

[Event "ICC tourney 2029 (45 10)"]
[Site "Internet Chess Club"]
[Date "2020.10.03"]
[Round "4"]
[White "Kausy"]
[Black "hpu2005"]
[Result "1/2-1/2"]
[ICCResult "Game drawn by mutual agreement"]
[WhiteElo "1793"]
[BlackElo "1888"]
[Opening "Hungarian defense"]
[ECO "C50"]
[NIC "IG.03"]
[Time "18:32:32"]
[TimeControl "2700+10"]

1. e4 e5 2. Nf3 Nc6 3. Bc4 Be7 4. O-O Nf6 5. d3 O-O 6. c3 d6 7. Nbd2 Bg4 8.
Re1 Nd7 9. Nf1 Nb6 10. Bb3 Be6 11. Bc2 f6 12. d4 Bf7 13. Ng3 Re8 14. Nf5 Bf8
15. h3 Ne7 16. Ng3 Qd7 17. Be3 Nc4 18. dxe5 Nxe5 19. Nxe5 fxe5 20. f4 exf4
21. Bxf4 Ng6 22. Be3 Ne5 23. Bd4 g6 24. Rf1 Bg7 25. Bb3 Re7 26. Bxe5 Bxe5
27. Rxf7 Rxf7 28. Qf3 Kg7 29. Bxf7 Qxf7 30. Qg4 Bxg3 31. Qxg3 Re8 32. Qe3 b6
33. b3 Re5 34. Qd4 Qe7 35. Re1 c5 36. Qd3 d5 37. Rd1 dxe4 38. Qb5 e3 39. Qd7
Kh6 40. Qg4 Qg5 41. Qe2 Rf5 42. h4 Qf4 43. Rd3 Qf2+ 44. Qxf2 exf2+ 45. Kf1
Rf7 46. Rd2 Kh5 47. g3 Kg4 48. Rxf2 Rf3 49. Ke2 Rxc3 50. Rf7 Rc2+ 51. Kd3
Rxa2 52. Rxh7 Kxg3 53. Rg7 Kxh4 54. Rxg6 Kh3 55. Kc3 Rg2 56. Rh6+ Kg4 57.
Rh7 Ra2 58. Rf7 Kg5 59. Kd3 Kg6 60. Rf1 Kg7 61. Kc4 Rc2+ 62. Kd3 Rh2 63. Ra1
Rh3+ 64. Kc4 Rh4+ 65. Kd5 Rb4 66. Rxa7+ Kf6 67. Ra3 Kf5 68. Ra1 Rxb3 69.
Rf1+ Kg4 70. Kc6 c4 71. Rc1 b5 72. Kc5 Kf4 73. Kd4 Rd3+ 74. Kc5 Ke3 75. Kxb5
c3 76. Rc2 Kd4 77. Kb4 Rh3 78. Kb3 Rg3 79. Kb4 Rg8 80. Rh2 Rb8+ 81. Ka3 Rb1
82. Rh4+ Kd5 83. Rh5+ Ke4 84. Rh4+ Kd5 85. Rh5+ Kd6 86. Rh6+ Kd7 87. Rh2 Rc1
88. Kb3 Kd6 89. Rc2 {Game drawn by mutual agreement} 1/2-1/2

[Event "ICC tourney 2029 (45 10)"]
[Site "Internet Chess Club"]
[Date "2020.10.03"]
[Round "4"]
[White "tigertiger2019"]
[Black "outpost"]
[Result "0-1"]
[ICCResult "White forfeits on time"]
[WhiteElo "1668"]
[BlackElo "1879"]
[Opening "QGD semi-Slav: Meran variation"]
[ECO "D47"]
[NIC "SL.09"]
[Time "18:32:23"]
[TimeControl "2700+10"]

1. Nf3 d5 2. c4 c6 3. d4 Nf6 4. Nc3 e6 5. e3 Nbd7 6. Bd3 dxc4 7. Bxc4 b5 8.
Bd3 Bd6 9. Qc2 Bb7 10. Bd2 a6 11. Rc1 c5 12. dxc5 Nxc5 13. Be2 Rc8 14. O-O
O-O 15. Rfd1 Qc7 16. h3 Qd7 17. Be1 b4 18. Nb1 Na4 19. Qd3 Nxb2 20. Qb3 Nxd1
21. Rxd1 Bd5 22. Qb2 a5 23. Nd4 Qb7 24. Bf3 Be5 25. Bxd5 Nxd5 26. Nd2 Nc3
27. Ra1 Ne2+ 28. Kh1 Rfd8 29. N2f3 Bxd4 30. Nxd4 Nxd4 {White forfeits on
time} 0-1

[Event "ICC tourney 2029 (45 10)"]
[Site "Internet Chess Club"]
[Date "2020.10.03"]
[Round "4"]
[White "rychessmaster1"]
[Black "TjkTiger"]
[Result "0-1"]
[ICCResult "White checkmated"]
[WhiteElo "2209"]
[BlackElo "2604"]
[Opening "Queen's pawn game"]
[ECO "D00"]
[NIC "QP.07"]
[Time "18:33:06"]
[TimeControl "2700+10"]

1. d4 Nf6 2. Nc3 d5 3. Bf4 a6 4. e3 Bf5 5. f3 e6 6. g4 Bg6 7. h4 h6 8. Bd3
Bxd3 9. cxd3 Nbd7 10. Nge2 b5 11. Kf2 Nb6 12. Rc1 Bd6 13. Qg1 b4 14. Nb1
Bxf4 15. Nxf4 Nfd7 16. g5 hxg5 17. hxg5 Rxh1 18. Qxh1 Qxg5 19. Rxc7 Ke7 20.
Nd2 Rc8 21. Rxc8 Nxc8 22. Nb3 Nd6 23. Qe1 Qh4+ 24. Ke2 Qh2+ 25. Qf2 Qh1 26.
Qe1 Qh2+ 27. Qf2 Qh8 28. Qe1 g5 29. Ng2 Qh3 30. Kf2 g4 31. fxg4 Nf6 32. Qf1
Nxg4+ 33. Ke2 Nf5 34. Qf3 Ng3+ 35. Kd1 Qxg2 36. Qxg4 Qf1+ 37. Kc2 Nf5 38.
Kd2 Qb1 39. Qg5+ f6 40. Qf4 Qxb2+ 41. Kd1 Qb1+ 42. Nc1 Kd7 43. Qf2 a5 44. e4
dxe4 45. dxe4 Qxe4 46. Nb3 Qb1+ 47. Nc1 Qa1 48. d5 Qd4+ 49. Qxd4 Nxd4 50.
dxe6+ Kxe6 51. Kd2 Kd5 52. Nd3 f5 53. Ke3 Nb5 54. Kf4 Nc3 55. Nc1 Kc4 56.
Ke3 Nxa2 57. Ne2 b3 58. Kd2 b2 59. Kc2 b1=Q+ 60. Kd2 Qd3+ 61. Ke1 Nc3 62.
Ng1 Qe3+ 63. Kf1 Ne4 64. Nh3 Qxh3+ 65. Ke2 Qd3+ 66. Ke1 Qd2+ 67. Kf1 Qf2#
{White checkmated}
0-1

[Event "ICC tourney 2029 (45 10)"]
[Site "Internet Chess Club"]
[Date "2020.10.03"]
[Round "4"]
[White "awakeflood"]
[Black "Brian6712"]
[Result "1-0"]
[ICCResult "Black resigns"]
[WhiteElo "1883"]
[BlackElo "2044"]
[Opening "Sicilian: dragon, Yugoslav attack, 10.O-O-O"]
[ECO "B78"]
[NIC "SI.18"]
[Time "18:32:39"]
[TimeControl "2700+10"]

1. e4 c5 2. Nf3 d6 3. d4 cxd4 4. Nxd4 Nf6 5. Nc3 g6 6. Be3 Bg7 7. Bc4 O-O 8.
f3 Nc6 9. Qd2 Bd7 10. O-O-O Rc8 11. Bb3 Nxd4 12. Bxd4 b5 13. h4 h5 14. Rdg1
a5 15. a4 b4 16. Nd5 Nxd5 17. Bxg7 Kxg7 18. exd5 Qe8 19. g4 hxg4 20. h5 Rh8
21. hxg6 f6 22. Qe3 Bf5 23. Rxh8 Qxh8 24. Qxe7+ Kxg6 25. Qxd6 Qh6+ 26. Kd1
Qe3 27. Qg3 Qc5 28. Rg2 Rh8 29. Qe1 Qc4 30. Bxc4 Rc8 31. fxg4 {Black
resigns} 1-0

[Event "ICC tourney 2029 (45 10)"]
[Site "Internet Chess Club"]
[Date "2020.10.03"]
[Round "4"]
[White "pianoboy"]
[Black "PawnGrubber21"]
[Result "1-0"]
[ICCResult "Black resigns"]
[WhiteElo "1902"]
[BlackElo "1750"]
[Opening "King's Indian: Makagonov system (5.h3)"]
[ECO "E71"]
[NIC "KI.20"]
[Time "18:32:40"]
[TimeControl "2700+10"]

1. d4 Nf6 2. c4 g6 3. Nc3 Bg7 4. e4 d6 5. h3 O-O 6. Nf3 e5 7. d5 a5 8. Be3
Na6 9. Bd3 Nc5 10. Bc2 b6 11. b3 Nh5 12. a3 Nf4 13. O-O f5 14. b4 Nd7 15.
Rc1 Nh5 16. exf5 gxf5 17. Ng5 Ndf6 18. c5 f4 19. Bd2 axb4 20. axb4 bxc5 21.
bxc5 Bh8 22. Nxh7 Ng7 23. Nxf8 Qxf8 24. c6 Nf5 25. Ra1 Rxa1 26. Qxa1 Nd4 27.
Bd1 Bf5 28. Qa5 Qg7 29. Kh2 Ne4 30. Nxe4 Bxe4 31. Rg1 Kh7 32. Bc3 Nf5 33.
Bg4 Nh4 34. Be1 Nf5 35. Bxf5+ Bxf5 36. Qa7 e4 37. Ba5 Qe5 38. Qxc7+ Bg7 39.
Bb4 f3+ 40. g3 Bxh3 41. Bxd6 Qxd5 42. Bf8 Bd7 43. Qxd7 {Black resigns} 1-0

[Event "ICC tourney 2029 (45 10)"]
[Site "Internet Chess Club"]
[Date "2020.10.03"]
[Round "4"]
[White "mopaska1106"]
[Black "chessmilano"]
[Result "1-0"]
[ICCResult "Black checkmated"]
[WhiteElo "1970"]
[BlackElo "1690"]
[Opening "QGD: Lasker defense"]
[ECO "D56"]
[NIC "QO.13"]
[Time "18:32:17"]
[TimeControl "2700+10"]

1. d4 Nf6 2. c4 e6 3. Nc3 d5 4. Bg5 Be7 5. e3 h6 6. Bh4 O-O 7. Nf3 Ne4 8.
Bxe7 Qxe7 9. c5 Nxc3 10. bxc3 b6 11. cxb6 axb6 12. Bd3 Ba6 13. O-O Bxd3 14.
Qxd3 Ra3 15. Qc2 Nd7 16. c4 c6 17. h3 Rfa8 18. Rfc1 Qb4 19. cxd5 cxd5 20.
Qc7 R8a7 21. Qc6 Qb2 22. Rab1 Qxa2 23. Qc8+ Kh7 24. Qe8 Nf6 25. Qf8 Ne4 26.
Rf1 Rb7 27. Rbc1 Ra8 28. Rc8 Rxc8 29. Qxc8 Qa7 30. Ne5 Rc7 31. Qe8 Nd6 32.
Qd8 Nc4 33. Ng4 f5 34. Nh2 Re7 35. g4 Qc7 36. Qa8 b5 37. gxf5 exf5 38. Qxd5
Nd6 39. Ra1 Re8 40. Ra6 Rd8 41. Nf3 b4 42. Ne5 Ne4 43. Qe6 Qc1+ 44. Kg2 Ng5
45. Qxf5+ Kg8 46. Ng6 b3 47. h4 b2 48. hxg5 b1=Q 49. Ne7+ Kh8 50. Rxh6+ gxh6
51. Qf6+ Kh7 52. g6+ Qxg6+ 53. Qxg6+ Kh8 54. Qxh6# {Black checkmated} 1-0

[Event "ICC tourney 2029 (45 10)"]
[Site "Internet Chess Club"]
[Date "2020.10.03"]
[Round "4"]
[White "KittiesRock18"]
[Black "chesslin"]
[Result "1-0"]
[ICCResult "Black resigns"]
[WhiteElo "1579"]
[BlackElo "1839"]
[Opening "Pirc: classical (two knights) system"]
[ECO "B06"]
[NIC "PU.10"]
[Time "18:32:22"]
[TimeControl "2700+10"]

1. e4 g6 2. Nf3 Bg7 3. d4 d6 4. Nc3 Nf6 5. Bc4 O-O 6. Bf4 a6 7. a4 Bg4 8. h3
Bxf3 9. Qxf3 Nc6 10. Ne2 Nd7 11. Bd5 Nxd4 12. Nxd4 Bxd4 13. Bxb7 Bxb2 14.
Rb1 Bg7 15. Bxa8 Qxa8 16. Qe2 Nc5 17. f3 Nxa4 18. Qc4 Nc3 19. Rb3 Nb5 20.
O-O c5 21. Bg5 Qa7 22. Rfb1 Rc8 23. Bc1 e6 24. Kf1 Qd7 25. Bb2 d5 26. exd5
exd5 27. Qa4 c4 28. Re3 Bxb2 29. Rxb2 Qa7 30. Re1 Nc3 31. Qa3 Qd4 32. Qxa6
Rf8 33. Qa1 Qc5 34. Rb7 Qd4 35. Qc1 Qf6 36. Ree7 h5 37. Qd2 h4 38. Rbd7 Ne4
39. Qxd5 Ng3+ 40. Kg1 Qb6+ 41. Qd4 Qb1+ 42. Qd1 Qb6+ 43. Kh2 Qf2 44. Re1 Nh5
45. Rd8 Qg3+ 46. Kh1 Qxe1+ 47. Qxe1 Ng3+ 48. Kg1 Rxd8 49. Kf2 Rd4 50. Qe8+
{Black resigns}
1-0

[Event "ICC tourney 2029 (45 10)"]
[Site "Internet Chess Club"]
[Date "2020.10.03"]
[Round "4"]
[White "mancogu"]
[Black "JACOBCHESS857"]
[Result "1-0"]
[ICCResult "Black resigns"]
[WhiteElo "1582"]
[BlackElo "1340"]
[Opening "Ruy Lopez: classical (Cordel) defense"]
[ECO "C64"]
[NIC "RL.01"]
[Time "18:32:21"]
[TimeControl "2700+10"]

1. e4 e5 2. Nf3 Nc6 3. Bb5 Bc5 4. O-O d6 5. d4 exd4 6. Nxd4 Bd7 7. Bxc6 bxc6
8. Re1 Ne7 9. Nc3 O-O 10. Nb3 Bb6 11. a4 a6 12. Bf4 Ng6 13. Bg3 Re8 14. Qd2
Qf6 15. a5 Ba7 16. Rad1 Rad8 17. Kh1 Ne5 18. Qe2 Bc8 19. f3 Re7 20. Nb1 Rde8
21. c3 Bb7 22. N1d2 c5 23. Nc1 d5 24. exd5 Bxd5 25. Qf1 Bb7 26. Ne4 Qg6 27.
Bf2 Bxe4 28. Rxe4 f5 29. Ree1 Kh8 30. f4 Ng4 31. Bg1 Re6 32. Rxe6 Qxe6 33.
Rd2 Qf6 34. h3 Nh6 35. Re2 Rd8 36. Qe1 Qf8 37. Re7 Rc8 38. Qe6 Bb8 39. Bxc5
Qg8 40. Qxg8+ Nxg8 41. Re6 c6 42. Bd6 Bxd6 43. Rxd6 Nf6 44. Nd3 Ne4 45. Rd7
Ng3+ 46. Kg1 Ne4 47. Ra7 c5 48. Rxa6 c4 49. Ne5 Nc5 50. Rc6 Rxc6 51. Nxc6 g6
52. Ne5 Kg8 53. Nxc4 Kf7 54. b4 Nb3 55. a6 Nc1 56. a7 Nd3 57. a8=Q
{Black resigns}
1-0

[Event "ICC tourney 2029 (45 10)"]
[Site "Internet Chess Club"]
[Date "2020.10.03"]
[Round "4"]
[White "IndianTerritory"]
[Black "e4f5"]
[Result "1-0"]
[ICCResult "Black resigns"]
[WhiteElo "2017"]
[BlackElo "2140"]
[Opening "Sicilian: Sozin, not Scheveningen"]
[ECO "B57"]
[NIC "SI.25"]
[Time "18:32:16"]
[TimeControl "2700+10"]

1. e4 c5 2. Nf3 d6 3. d4 cxd4 4. Nxd4 Nf6 5. Nc3 Nc6 6. Bc4 Bd7 7. O-O g6 8.
Be3 Bg7 9. f3 O-O 10. Qd2 a6 11. a4 Rc8 12. Nxc6 Bxc6 13. Bb3 Nd7 14. a5 Nc5
15. Bc4 b5 16. axb6 Qxb6 17. b3 a5 18. Ra2 Qb7 19. Rxa5 Ra8 20. Rfa1 Qb4 21.
Rxa8 Bxa8 22. Bd4 Bc6 23. Bxg7 Kxg7 24. Qd4+ e5 25. Qd2 Na4 26. bxa4 Qxc4
27. a5 Ra8 28. Ne2 Bb5 29. Ng3 Ra6 30. Nf1 Ba4 31. Ne3 Qb5 32. Ng4 Kf8 33.
Qh6+ Ke8 34. Nf6+ Ke7 35. Nd5+ Kd7 36. Qxh7 Qc5+ 37. Kh1 Qxc2 38. Qxf7+ Kc8
39. Qg8+ Kb7 40. Qf7+ Kc8 41. h4 Rxa5 42. Qe6+ Kb7 43. Qxd6 Rb5 44. Qe7+ Kb8
45. Qxe5+ Kb7 46. Qg7+ Kb8 47. Qf8+ Kb7 48. Qe7+ Kb8 49. Nb4 Qc3 50. Na6+
Kc8 51. Qe8+ Kb7 52. Qb8+ Kxa6 53. Rxa4+ Ra5 54. Rxa5+ Kxa5 55. Qa7+ Kb5 56.
Qb7+ Ka5 57. Qd5+ Ka6 58. Qd6+ Ka5 59. Kh2 Qh8 60. Qg3 Qh5 61. Qg5+ Qxg5 62.
hxg5 Kb5 63. f4 Kc6 64. f5 {Black resigns} 1-0

[Event "ICC tourney 2029 (45 10)"]
[Site "Internet Chess Club"]
[Date "2020.10.03"]
[Round "4"]
[White "psampat"]
[Black "HenriVZ"]
[Result "1-0"]
[ICCResult "Black checkmated"]
[WhiteElo "1881"]
[BlackElo "1686"]
[Opening "Scotch game"]
[ECO "C45"]
[NIC "SO.05"]
[Time "18:32:17"]
[TimeControl "2700+10"]

1. e4 e5 2. Nf3 Nc6 3. d4 exd4 4. Nxd4 Bc5 5. Be3 Qf6 6. c3 Nge7 7. Bc4 Ne5
8. Be2 a6 9. O-O O-O 10. f4 N5g6 11. e5 Nxe5 12. fxe5 Qxe5 13. Bf4 Bxd4+ 14.
cxd4 Qa5 15. Bd2 Qb6 16. Bc3 Nd5 17. Qd3 d6 18. Nd2 Re8 19. Qf3 Nf6 20. Bc4
Bg4 21. Qg3 d5 22. Bd3 Be2 23. Rf2 Bxd3 24. Qxd3 Re6 25. Raf1 Rae8 26. Nf3
Ne4 27. Rc2 Nxc3 28. Qxc3 Rc6 29. Qd3 f6 30. Rxc6 Qxc6 31. Qf5 Qe6 32. Qxe6+
Rxe6 33. Re1 Rc6 34. Kf2 Kf7 35. Re2 b5 36. Ne1 Rc4 37. Ke3 c5 38. dxc5 Rxc5
39. Rc2 Rc4 40. Rxc4 dxc4 41. Nc2 Ke6 42. Nb4 a5 43. Nc6 a4 44. Nd4+ Kd5 45.
Nxb5 Kc5 46. Nc3 Kb4 47. Kd4 g5 48. Nd5+ Kb5 49. Nxf6 h6 50. Ng4 h5 51. Ne5
g4 52. Nxc4 h4 53. Ne5 g3 54. hxg3 hxg3 55. Nf7 Kb4 56. Ng5 a3 57. bxa3+
Kxa3 58. Ne4 Kxa2 59. Nxg3 Kb3 60. Nf5 Kb4 61. g4 Kb5 62. Ke5 Kc6 63. Ke6
Kc7 64. Ke7 Kc8 65. g5 Kc7 66. g6 Kc8 67. g7 Kc7 68. g8=Q Kb7 69. Qc4 Ka7
70. Qb5 Ka8 71. Kd7 Ka7 72. Kc7 Ka8 73. Qb7# {Black checkmated} 1-0